[Event "*** Titled Tuesday Blitz"]
[Site "Chess.com"]
[Date "2021.04.06"]
[Round "6"]
[White "Snegokhod"]
[Black "zmeeed67"]
[Result "0-1"]
[WhiteElo "2561"]
[BlackElo "2435"]
[TimeControl "180+1"]
[EndTime "11:09:33 PDT"]
[Termination "zmeeed67 won on time"]

1. d4 d5 2. c4 e6 3. Nc3 c6 4. e4 dxe4 5. Nxe4 Bb4+ 6. Bd2 Qxd4 7. Bxb4 Qxe4+ 8. Be2 Ne7 9. Nf3 Nd5 10. Bd6 Nf4 11.
Bxf4 Qxf4 12. O-O O-O 13. g3 Qc7 14. Qd4 c5 15. Qe4 Nc6 16. Ng5 f5 17. Qh4 h6 18.
Nf3 e5 19. Rfe1 Be6 20. Bf1 e4 21. Nd2 Rad8 22. Nb3 Nd4 23. Nxd4 cxd4 24. b3 Qe5 25. Rad1 Bd7 26. Qh5 Bc6 27. Bg2 Qf6 28. b4 b6 29.
Qe2 Kh8 30. Rc1 Rfe8 31. b5 Ba8 32. c5 bxc5 33. Rxc5 f4 34. Qg4 f3 35. Rf5 Qd6 36.
Rf7 Qe5 37. Bxf3 Rg8 38. Bxe4 Bxe4 39. Qxe4 Qxb5 40. Rd1 d3 41. Qe3 Rge8 42. Re7 Rxe7 43. Qxe7 Qd5 44. Rd2 a5 45. Qe3 Qc4 46. h4 Qc1+ 47.
Kg2 Qc4 48. f3 a4 49. g4 a3 50. Kg3 Qd5 51. h5 Qd6+ 52. Qf4 Qe6 53. g5 hxg5 54. Qxg5 Rf8 55. Qg4 Qe1+ 56. Kh3 Qxd2 57. h6 Qxh6+ 58. Kg2 d2 59. Qd4 Qg6+ 60. Kf2 Qf6 61.
Qxd2 Qxf3+ 62. Kg1 Qf1+ 63. Kh2 Rf2+ 0-1

[Event "*** Titled Tuesday Blitz"]
[Site "Chess.com"]
[Date "2021.04.06"]
[Round "6"]
[White "Artem_Sadovsky"]
[Black "Anton_Demchenko"]
[Result "1-0"]
[WhiteElo "2639"]
[BlackElo "2861"]
[TimeControl "180+1"]
[EndTime "11:09:34 PDT"]
[Termination "Artem_Sadovsky won on time"]

1. Nf3 Nf6 2. c4 g6 3. b3 Bg7 4.
Bb2 O-O 5. g3 d6 6. Bg2 e5 7. O-O c5 8. e3 Nc6 9. d4 e4 10. Nfd2 Re8 11. d5 Nb4 12. Bc3 Bg4 13. f3 exf3 14. Bxf3 Bh3 15. Re1 Qe7 16. e4 Nd3 17.
Re3 Ne5 18. Re1 h5 19. Bg2 Bxg2 20. Kxg2 h4 21. Nf3 Nxf3 22. Qxf3 Nd7 23. Bxg7 Kxg7 24.
Nc3 Ne5 25. Qe3 Rh8 26. Rh1 Rh5 27. Ne2 Rah8 28. Nf4 R5h7 29. h3 hxg3 30. Qxg3 Nd7 31. Rae1 Rh4 32. Rhf1 Ne5 33. Re3 a6 34. Rh1 Kg8 35.
Rf1 R8h6 36. Re2 b5 37. cxb5 axb5 38. a4 Qb7 39. a5 Qa6 40. Ra2 b4 41. Rff2 Rh8 42.
Qg5 c4 43. Qf6 cxb3 44. Ra1 Qc4 45. Re1 b2 46. Nxg6 fxg6 47. Qd8+ Kh7 48. Qe7+ Kh6 49. Qxh4+ Kg7 50. Qf6+ Kh7 51. Qh4+ Kg7 52. Qe7+ Kh6 53.
Qxd6 Qd4 54. Qf6 Re8 55. Qh4+ Kg7 56. Qf6+ Kh7 57. d6 b1=Q 58. Rxb1 Rb8 59. Kh2 b3 60. Qh4+ Kg7 61. Qe7+ Kh6 62. Qh4+ Kg7 63. Qf6+ Kh6 64.
d7 b2 65. Qf4+ 1-0

[Event "*** Titled Tuesday Blitz"]
[Site "Chess.com"]
[Date "2021.04.06"]
[Round "6"]
[White "VitaRasik"]
[Black "Andreikka"]
[Result "1/2-1/2"]
[WhiteElo "2607"]
[BlackElo "2859"]
[TimeControl "180+1"]
[EndTime "11:09:34 PDT"]
[Termination "Game drawn by repetition"]

1. e4 c6 2. c4 d5 3. cxd5 cxd5 4.
exd5 Nf6 5. Bb5+ Nbd7 6. Nc3 g6 7. d4 Bg7 8. d6 exd6 9. Qe2+ Qe7 10. Bf4 Qxe2+ 11. Bxe2 Ke7 12. Bf3 Nb6 13. Nge2 Bg4 14. Bxb7 Rab8 15. Bc6 Rhc8 16. d5 Nc4 17. f3 Bd7 18. b3 Nb6 19. Nb5 Ne8 20. Rc1 Nxd5 21.
Nxa7 Rc7 22. Bxd5 Rxa7 23. Rc2 Bf5 24. Rd2 Nc7 25. Be4 Bxe4 26. Bxd6+ Ke8 27. fxe4 Rbb7 28.
Kf2 Ne6 29. Rhd1 Ra6 30. e5 Ra8 31. g3 Bh6 32. Rc2 Bf8 33. Bxf8 Kxf8 34. Nf4 Ng5 35. h4 Ne6 36. Nxe6+ fxe6 37. Rd6 Kf7 38. Ke3 Ra5 39. Ke4 h6 40. g4 g5 41. h5 Rb4+ 42. Rd4 Rb7 43. Rcd2 Ke7 44. a4 Raa7 45. R2d3 Rc7 46. Rc4 Rxc4+ 47. bxc4 Rxa4 48. Kd4 Ra1 49. Rb3 Kd7 50. Rb7+ Kc6 51. Rh7 Rd1+ 52. Ke4 Re1+ 53. Kd4 Rg1 54. Rxh6 Rxg4+ 55. Kc3 Kc5 56. Rxe6 Rg3+ 57.
Kd2 Kd4 58. h6 Rg2+ 59. Kd1 Kxc4 60. h7 Rh2 61. Re7 g4 62. Ke1 g3 63. Kf1 Kd5 64. Kg1 Kc6 65. Rg7 Kd5 66. Re7 Kc6 67. Rg7 Kd5 68. Re7 1/2-1/2

[Event "*** Titled Tuesday Blitz"]
[Site "Chess.com"]
[Date "2021.04.06"]
[Round "6"]
[White "RamyresCoelho"]
[Black "noblerone"]
[Result "1/2-1/2"]
[WhiteElo "2187"]
[BlackElo "2382"]
[TimeControl "180+1"]
[EndTime "11:09:34 PDT"]
[Termination "Game drawn by repetition"]

1. e4 c5 2. Nf3 e6 3. d4 cxd4 4. c3 d5 5. exd5 Qxd5 6. Qxd4 Nf6 7. Qxd5 Nxd5 8. Bb5+ Bd7 9. Bxd7+ Nxd7 10. O-O Be7 11.
Bg5 N7f6 12. Nbd2 h6 13. Bxf6 Bxf6 14. Ne4 Be7 15. c4 Nf4 16. Rfd1 Rc8 17. b3 f5 18.
Nd6+ Bxd6 19. Rxd6 Ke7 20. Rad1 Nd5 21. R6xd5 exd5 22. Rxd5 Rhf8 23. h4 Rcd8 24. Re5+ Kf6 25. Rb5 b6 26. a4 g5 27. hxg5+ hxg5 28. a5 Rd1+ 29. Kh2 g4 30. Nh4 Kg5 31. g3 Rf6 32. axb6 axb6 33. Kg2 Rd2 34. Kg1 Rb2 35. Kg2 Ra2 36. Kg1 Ra8 37. Kg2 Rh8 38. Kg1 Rxh4 39. gxh4+ Kxh4 40. Rd5 Re6 41. Rxf5 Re2 42. Rb5 Re6 43. Kg2 Rf6 44.
c5 bxc5 45. Rxc5 Rb6 46. Rc3 Rb4 47. Rg3 Kh5 48. f3 gxf3+ 49. Rxf3 Kg4 50. Rg3+ Kf5 51. Rd3 Ke4 52. Rh3 Kd5 53. Kf2 Re4 54. Rc3 Re5 55. Kf3 Re1 56. Kf2 Rb1 57. Ke3 Rh1 58.
Kd3 Rh3+ 59. Kc2 Rxc3+ 60. Kxc3 Kc5 61. Kc2 Kb4 62. Kb2 Kb5 63. Kc2 Kb4 64. Kb2 Kb5 65. Ka3 Ka5 66. b4+ Kb5 67. Kb3 Kb6 68. Kc4 Kc6 69.
b5+ Kb6 70. Kb4 Kb7 71. Ka5 Ka7 72. b6+ Kb7 73. Kb5 Kb8 74. Kc4 Kb7 75. Kb5 Kb8 76. Ka5 Kb7 77. Kb5 1/2-1/2

[Event "*** Titled Tuesday Blitz"]
[Site "Chess.com"]
[Date "2021.04.06"]
[Round "6"]
[White "Hikaru"]
[Black "PSvidler"]
[Result "1/2-1/2"]
[WhiteElo "3223"]
[BlackElo "2978"]
[TimeControl "180+1"]
[EndTime "11:09:35 PDT"]
[Termination "Game drawn - insufficient material"]

1. e4 c5 2. Nf3 d6 3. d4 cxd4 4. Qxd4 Nc6 5. Bb5 Bd7 6. Bxc6 Bxc6 7. Nc3 h6 8. Be3 e5 9. Qd3 Nf6 10. O-O-O Be7 11. h3 Rc8 12. Nh4 g6 13. Nf3 Kf8 14.
Rhe1 Kg7 15. Kb1 b5 16. Nd2 b4 17. Nd5 Nxd5 18. exd5 Ba4 19. Rc1 Qd7 20. f4 Rhe8 21. g4 Bh4 22. Rg1 Qb5 23. Qxb5 Bxb5 24. f5 Bc4 25.
Ne4 Red8 26. Rcd1 Be2 27. Rd2 Bf3 28. Ng3 Rd7 29. Rf1 Bxg3 30. Rxf3 Bh4 31. Rd1 Rc4 32. Rdf1 Rdc7 33. fxg6 Kxg6 34. Rc1 Bg5 35. Bxg5 hxg5 36. a3 a5 37. axb4 axb4 38. b3 Rf4 39. Rd3 e4 40. Re3 Kf6 41. Kb2 Ke5 42. Re2 Rc3 43. Ra1 Rxh3 44.
Ra7 e3 45. Re7+ Kd4 46. Rc7 Kxd5 47. Re1 Rf2 48. Rd1+ Ke4 49. Re7+ Kf3 50. Rd3 Re2 51. Rxf7+ Kxg4 52. Rxd6 Rf3 53. Rd4+ Kg3 54. Rg7 Rf5 55.
Rxb4 Ref2 56. Re4 e2 57. Rge7 g4 58. Rxe2 Rxe2 59. Rxe2 Kf3 60. Re1 g3 61. b4 g2 62.
Kb3 Kg3 63. Rg1 Rf1 64. Rxg2+ Kxg2 65. Kc4 Kf3 66. Kd5 Rd1+ 67. Kc6 Rc1 68. b5 Rxc2+ 69. Kd5 Rb2 70. Kc6 Ke4 71. b6 Ke5 72. b7 Ke6 73.
Kc7 Rc2+ 74. Kd8 Rb2 75. Kc8 Rxb7 76. Kxb7 1/2-1/2

[Event "*** Titled Tuesday Blitz"]
[Site "Chess.com"]
[Date "2021.04.06"]
[Round "6"]
[White "Beca95"]
[Black "Dyadya81"]
[Result "1-0"]
[WhiteElo "2917"]
[BlackElo "2720"]
[TimeControl "180+1"]
[EndTime "11:09:35 PDT"]
[Termination "Beca95 won by resignation"]

1. d4 Nf6 2. c4 g6 3. Nc3 Bg7 4.
Nf3 d6 5. Bg5 O-O 6. e3 c5 7. d5 Qb6 8. Qc1 e6 9. Nd2 Na6 10. Be2 Nc7 11. e4 a6 12. O-O e5 13.
a4 a5 14. Ra3 Na6 15. Nb5 Nb4 16. Rg3 Kh8 17. h4 Ng8 18. h5 f6 19. Be3 g5 20.
Qd1 Nh6 21. b3 Qd8 22. Re1 b6 23. Nf1 Rb8 24. Nh2 Rb7 25. Bc1 Rbf7 26. Nf1 Rg8 27. Ne3 Bf8 28. Ng4 Nxg4 29. Bxg4 f5 30. exf5 Bxf5 31.
Bxf5 Rxf5 32. Nc3 h6 33. Ne4 Qd7 34. Rf3 g4 35. Rxf5 Qxf5 36. Ng3 Qd3 37. Qxd3 Nxd3 38. Rd1 Nf4 39. Re1 Kh7 40. Kf1 Rg5 41. Be3 Kg8 42. Rb1 Kf7 43. Kg1 Be7 44. Ra1 Rg7 45. Nf5 Rg5 46. Ng3 Rg7 47. Re1 Bf8 48. Bxf4 exf4 49. Ne4 Be7 50. Kf1 Rg8 51. f3 Kf8 52. Nf2 gxf3 53. gxf3 Rg5 54. Re4 Rxh5 55. Rxf4+ Kg7 56. Re4 Bf6 57. Re6 Be5 58. Ne4 Rh2 59. Nxd6 Bd4 60. Nf5+ Kh7 61. Nxd4 cxd4 62. d6 d3 63. d7 Rh1+ 64.
Kf2 d2 65. d8=Q d1=Q 66. Qe7+ Kg8 67. Qe8+ Kh7 68. Qg6+ 1-0

[Event "*** Titled Tuesday Blitz"]
[Site "Chess.com"]
[Date "2021.04.06"]
[Round "6"]
[White "yobdc"]
[Black "Guzman70"]
[Result "0-1"]
[WhiteElo "2506"]
[BlackElo "2358"]
[TimeControl "180+1"]
[EndTime "11:09:36 PDT"]
[Termination "Guzman70 won on time"]

1. e4 c5 2. Nf3 Nc6 3. Bb5 g6 4. O-O Bg7 5. Re1 Nf6 6. c3 O-O 7. d4 cxd4 8. cxd4 d5 9. e5 Ne4 10. Nbd2 Bf5 11. h3 Rc8 12. Nxe4 Bxe4 13. Be3 Qb6 14.
Bxc6 Rxc6 15. b3 Rfc8 16. Ng5 Bf5 17. g4 Bc2 18. Qf3 f6 19. exf6 Bxf6 20. Qxd5+ e6 21.
Qf3 Bxg5 22. Bxg5 Qxd4 23. Bf6 Qd5 24. Qf4 e5 25. Rxe5 Qf7 26. g5 Re6 27. Rae1 Bf5 28.
Kh2 Rce8 29. Rxe6 Bxe6 30. Rc1 Rc8 31. Re1 Re8 32. Re3 Bd5 33. Rc3 Bc6 34. a4 Qd5 35.
f3 Re2+ 36. Kg3 Re8 37. Re3 Rf8 38. h4 Qd1 39. Qc7 Qg1+ 40. Kh3 Qh1+ 41. Kg3 Qg1+ 42. Kh3 Qh1+ 43. Qh2 Bd7+ 44. Kg3 Qxh2+ 45. Kxh2 Re8 46. Rd3 Bf5 47. Rc3 Bd7 48. Rc7 Be6 49. Rg7+ Kf8 50. Rxh7 Bxb3 51. Rxb7 Bxa4 52. Rxa7 Bc6 53. Kg3 Re3 54.
Ra8+ Bxa8 55. Kf4 Rxf3+ 56. Ke5 Rf5+ 57. Ke6 Kg8 58. h5 Bd5+ 59. Kd6 gxh5 60. Be5 Rxe5 61. Kxe5 Bf3 62. Kf4 Bg4 63. Kg3 Kg7 64. Kh4 Kg6 65. Kg3 Kxg5 66. Kh2 h4 67. Kg1 Bf5 68. Kh1 Kg4 69. Kh2 h3 70. Kg1 Be4 71. Kh2 Kh4 72.
Kg1 Kg3 73. Kf1 h2 0-1

[Event "*** Titled Tuesday Blitz"]
[Site "Chess.com"]
[Date "2021.04.06"]
[Round "6"]
[White "MateusViageiro"]
[Black "Chessmasterzt"]
[Result "0-1"]
[WhiteElo "2359"]
[BlackElo "2598"]
[TimeControl "180+1"]
[EndTime "11:09:36 PDT"]
[Termination "Chessmasterzt won by resignation"]

1. Nf3 Nf6 2. d4 g6 3. g3 Bg7 4.
Bg2 O-O 5. O-O d6 6. c4 Nbd7 7.
Nc3 e5 8. dxe5 dxe5 9. Qc2 c6 10. Rd1 Qe7 11. e4 Re8 12. h3 a5 13. Be3 Nc5 14. Kh2 Nfd7 15. Na4 Nxa4 16. Qxa4 Nc5 17. Qc2 Ne6 18.
Rd2 f6 19. Rad1 a4 20. h4 Qb4 21. Bh3 Bf8 22. h5 Bc5 23. hxg6 hxg6 24. Bxc5 Qxc5 25. Bxe6+ Bxe6 26. b3 b5 27. Nh4 bxc4 28. bxc4 Qxc4 29. Nxg6 Kf7 30. Nh4 Qxc2 31. Rxc2 Rec8 32. Rdc1 a3 33. Kg2 c5 34. Nf5 Ra6 35. Kf3 Rb6 36. Ne3 Rb2 37.
Rxb2 axb2 38. Rb1 Rb8 39. Nd1 Rd8 40. Nxb2 Bxa2 41. Rc1 Rc8 42. Nc4 Ke6 43. Ne3 Bb3 44.
Ke2 c4 45. f4 Rc7 46. Nd5 Rc6 47. f5+ Kd6 48. Nb4 Rb6 49. Nc2 Kc5 50. Kd2 Ra6 51.
Kc3 Rd6 52. Na1 Rd3+ 53. Kb2 Kb4 54. Nc2+ Bxc2 55. Rxc2 Rb3+ 56. Kc1 Rxg3 57. Re2 Kb3 58. Re1 c3 0-1

[Event "*** Titled Tuesday Blitz"]
[Site "Chess.com"]
[Date "2021.04.06"]
[Round "6"]
[White "DaroZin"]
[Black "Bulldog167"]
[Result "0-1"]
[WhiteElo "2589"]
[BlackElo "2793"]
[TimeControl "180+1"]
[EndTime "11:09:37 PDT"]
[Termination "Bulldog167 won by resignation"]

1. e4 e5 2. Nf3 Nc6 3. Bb5 a6 4. Ba4 Nf6 5. Qe2 Be7 6. O-O O-O 7. Bxc6 dxc6 8. Nxe5 Qd4 9. Nf3 Qb6 10. Nc3 Re8 11.
d3 Bg4 12. h3 Bh5 13. Rb1 c5 14.
Bf4 Bd6 15. Bg5 Be5 16. Qd2 Bxf3 17. gxf3 h6 18. Bh4 Nh5 19. Ne2 Qd6 20. Kh1 Nf4 21. Nxf4 Bxf4 22. Qe2 Re5 23. Rg1 Rh5 24. Rg4 g5 25.
Rbg1 Kh7 26. Bg3 Bxg3 27. R4xg3 Re8 28. Qd2 f5 29. Kg2 Rh4 30. Qc3 Rf4 31. Re1 Rf8 32.
Qb3 Qc6 33. Qc3 fxe4 34. dxe4 b6 35. Rd1 R8f7 36. Qd3 c4 37. Qd5 Qxd5 38. Rxd5 Kg6 39. Rd4 b5 40. Rd5 Kf6 41. Rg4 Ke6 42. Rxf4 Rxf4 43. Kg3 c6 44. Rd2 Rf7 45. c3 a5 46.
a3 Rf6 47. Rd8 Rf7 48. Kg4 Rf4+ 49. Kg3 Rf6 50. Ra8 Kd6 51. Rxa5 Kc5 52. Ra8 Rd6 53.
Rh8 Rd2 54. Rxh6 Rxb2 55. Rg6 Rc2 56. Rxg5+ Kb6 57. h4 Rxc3 58. h5 Rd3 59. h6 Rd8 60.
h7 Rh8 61. Rh5 c3 62. Rh1 Kc5 63. Kf4 Kd4 64. e5 c2 65. e6 Rxh7 66. Rc1 Kc3 67. Kf5 Kb2 68. Re1 Kxa3 69. Kf6 b4 70. e7 Rxe7 71.
Kxe7 b3 0-1

[Event "*** Titled Tuesday Blitz"]
[Site "Chess.com"]
[Date "2021.04.06"]
[Round "6"]
[White "NishaOnYoutube"]
[Black "crazy_but_lazy"]
[Result "0-1"]
[WhiteElo "2254"]
[BlackElo "2428"]
[TimeControl "180+1"]
[EndTime "11:09:38 PDT"]
[Termination "crazy_but_lazy won by checkmate"]

1. e4 c5 2. c3 d5 3. exd5 Qxd5 4.
d4 Nf6 5. Nf3 Bg4 6. Be2 cxd4 7.
Qxd4 Bxf3 8. Bxf3 Qxd4 9. cxd4 Nc6 10. Be3 e6 11. Nc3 Bd6 12. O-O O-O 13. Rfd1 Rfd8 14.
Kf1 Ne7 15. Rac1 Ned5 16. g3 a6 17. Ke2 Kf8 18. Ne4 Nxe4 19. Bxe4 h6 20. a3 Ke7 21. Rc2 f5 22. Bxd5 exd5 23. f4 Kd7 24. Bd2 Re8+ 25.
Kd3 Re4 26. Re1 Rae8 27. Rcc1 Ke6 28. Bc3 g5 29. fxg5 hxg5 30. Bd2 Kf6 31. b4 Rh8 32. Rh1 f4 33. Rcf1 Kf5 34. gxf4 Rh3+ 35. Kc2 gxf4 36. Bc3 Re2+ 37. Kb3 Ree3 38. Rc1 Ke4 39. Kb2 b5 40. Bd2 Re2 41. Rce1 f3 42. Kc1 Kd3 43. Ref1 Rxd2 44. Rd1 Bf4 45. Rxd2+ Bxd2+ 46. Kd1 Be3 47. Ke1 f2+ 48. Kf1 Bxd4 49. Kg2 Rh8 50. h4 Bb2 51. Kf1 Bxa3 52. h5 Bxb4 53. h6 Bd2 54. Rh3+ Be3 55.
h7 d4 56. Rh4 a5 57. Rh5 a4 58. Rxb5 Rxh7 59. Ra5 Rh1+ 60. Kg2 f1=Q+ 61. Kg3 Qf4+ 62. Kg2 Qh2+ 63. Kf3 Rf1+ 64. Kg4 Qf4+ 65. Kh5 Qh6+ 66. Kg4 Rf4+ 67. Kg3 Qh4+ 68. Kg2 Rf2+ 69. Kg1 Qh2# 0-1

[Event "*** Titled Tuesday Blitz"]
[Site "Chess.com"]
[Date "2021.04.06"]
[Round "6"]
[White "gahryman"]
[Black "muchojogo"]
[Result "1/2-1/2"]
[WhiteElo "2725"]
[BlackElo "2452"]
[TimeControl "180+1"]
[EndTime "11:09:39 PDT"]
[Termination "Game drawn - insufficient material"]

1. e4 c5 2. Nf3 d6 3. d4 cxd4 4. Nxd4 Nf6 5. Nc3 g6 6. Be2 Bg7 7. O-O O-O 8. Re1 Nc6 9. Nb3 Be6 10. Bg5 Na5 11. e5 Nxb3 12. axb3 dxe5 13. Qxd8 Rfxd8 14. Bf3 e4 15. Nxe4 Nxe4 16. Bxe4 Bxb2 17. Rab1 Bc3 18. Red1 f6 19. Bh6 Kf7 20. h4 Rxd1+ 21. Rxd1 Rb8 22. Bf4 Be5 23. Bxe5 fxe5 24. Ra1 a6 25.
Ra5 Kf6 26. f3 h5 27. Rc5 Rc8 28. Ra5 Rc7 29. c4 Bf5 30. Kf2 Bxe4 31. fxe4 Ke6 32. Ke3 Rc8 33. Ra4 Rf8 34. Rb4 b5 35. cxb5 Rb8 36. b6 Kd6 37. b7 Kc6 38. Ra4 Kb5 39. Ra1 Rxb7 40. Rd1 Kb4 41. Rd5 Kxb3 42. Rxe5 Kb4 43. Rg5 a5 44. Rxg6 a4 45. Rg8 a3 46. Ra8 Kb3 47. g4 hxg4 48. Kf4 Rb4 49. h5 Ra4 50. Rb8+ Kc2 51. Rc8+ Kd3 52. Rc1 Rxe4+ 53.
Kg5 g3 54. Rg1 Re3 55. h6 g2 56. Kg4 Re6 57. Kg5 Rxh6 58. Kxh6 e5 59. Rxg2 e4 60. Ra2 e3 61. Rxa3+ Kd2 62. Ra2+ Kd3 63. Ra3+ Kd2 64. Ra2+ Kd3 65. Kg5 e2 66. Ra1 Kd2 67. Ra2+ Kd1 68. Rxe2 Kxe2 1/2-1/2

[Event "*** Titled Tuesday Blitz"]
[Site "Chess.com"]
[Date "2021.04.06"]
[Round "6"]
[White "Eltaj_Safarli"]
[Black "nrvisakh"]
[Result "1-0"]
[WhiteElo "2911"]
[BlackElo "2779"]
[TimeControl "180+1"]
[EndTime "11:09:41 PDT"]
[Termination "Eltaj_Safarli won by resignation"]

1. e4 c5 2. Nc3 g6 3. Nf3 Bg7 4. d4 cxd4 5. Nxd4 Nc6 6. Nb3 Nf6 7. Be2 O-O 8. O-O d6 9. Re1 a6 10. Bf1 b5 11. Nd5 Bb7 12. Bg5 Nd7 13. c3 Re8 14. Qd2 Nde5 15. a4 Nc4 16. Qc2 h6 17. axb5 axb5 18.
Rxa8 Bxa8 19. Bh4 Qb8 20. Nd2 g5 21. Bg3 e6 22. Nxc4 bxc4 23. Ne3 Ne5 24. Nxc4 Rc8 25.
Nxe5 dxe5 26. h4 Bf6 27. hxg5 hxg5 28. Rd1 Bc6 29. b4 Qa8 30. Qb2 Bxe4 31. c4 Qa4 32.
Ra1 Qc2 33. Qxc2 Bxc2 34. c5 e4 35. Rc1 Bd3 36. Bxd3 exd3 37. Rd1 Bc3 38. b5 Rxc5 39. Rxd3 Be5 40. Bxe5 Rxe5 41. Rb3 Rc5 42. b6 Rc8 43.
Kh2 Kg7 44. Kg3 Kg6 45. b7 Rb8 46. Rb6 Kf5 47. Kf3 f6 48. Rb5+ e5 49. g4+ Ke6 50. Ke4 Kd6 51. Kf5 Kc6 52. Rb1 Kc7 53. Kxf6 Rf8+ 54.
Kxg5 Kb8 55. Rb2 e4 56. Kh6 Rh8+ 57. Kg7 Rh2 58. Re2 Rg2 59. Rxe4 Rxf2 60. g5 Kxb7 61. g6 Kc7 62. Kg8 Kd7 63. g7 Kd6 64. Rh4 Ke7 65. Kh8 1-0

[Event "*** Titled Tuesday Blitz"]
[Site "Chess.com"]
[Date "2021.04.06"]
[Round "6"]
[White "Rondo_Capriccioso"]
[Black "politeplayer"]
[Result "1-0"]
[WhiteElo "2485"]
[BlackElo "2260"]
[TimeControl "180+1"]
[EndTime "11:09:41 PDT"]
[Termination "Rondo_Capriccioso won on time"]

1. e4 e6 2. d4 d5 3. Nc3 dxe4 4. Nxe4 Bd7 5. Nf3 Bc6 6. Bd3 Nd7 7. O-O Ngf6 8. Ned2 Be7 9. c3 Bxf3 10. Qxf3 c6 11. a4 a5 12. Nc4 O-O 13. Bf4 Re8 14.
Qh3 Nf8 15. Rfe1 Ng6 16. Bg5 c5 17. dxc5 Bxc5 18. Rad1 Qc7 19. Qf3 Nd5 20. h4 Ndf4 21. Bf1 h6 22. Bxf4 Qxf4 23. Qxf4 Nxf4 24. g3 Nd5 25.
Bg2 Red8 26. Bxd5 exd5 27. Ne5 d4 28. Nd3 Bb6 29. c4 Re8 30. Kf1 Kf8 31. Re5 Rxe5 32.
Nxe5 Rd8 33. Ke2 f6 34. Nd3 Kf7 35. Kd2 Rc8 36. b3 Re8 37. Re1 Rxe1 38. Kxe1 Ke6 39. Ke2 Kf5 40. Kf3 h5 41. Kg2 g5 42. hxg5 fxg5 43. f3 g4 44. Kf2 gxf3 45. Kxf3 Ba7 46. Nf4 Kg5 47. Ne6+ Kf5 48. Nf4 Kg5 49. Ke4 h4 50.
gxh4+ Kxh4 51. Ne6 Kg4 52. Nxd4 Kg5 53. Nb5 Bc5 54.
Kd5 b6 55. Nd6 Kf4 56. Ne4 Bg1 57. c5 bxc5 58. Nxc5 Ke3 59. Kc6 Kd2 60. Kb5 Kc3 61. Nb7 Kxb3 62. Nxa5+ Kc2 63. Nb7 Kd3 64. a5 Ke4 65. Kc6 Ke5 66. a6 Ba7 67. Nc5 Kf6 68. Nd7+ 1-0

[Event "*** Titled Tuesday Blitz"]
[Site "Chess.com"]
[Date "2021.04.06"]
[Round "6"]
[White "Kobalia"]
[Black "louis198"]
[Result "1-0"]
[WhiteElo "2776"]
[BlackElo "2560"]
[TimeControl "180+1"]
[EndTime "11:09:45 PDT"]
[Termination "Kobalia won by resignation"]

1. e4 e6 2. d3 d5 3. Nd2 Nf6 4. Ngf3 Bc5 5. e5 Nfd7 6. d4 Bb6 7. Be2 c5 8. c3 Nc6 9. Nb3 h6 10. Be3 Qe7 11. O-O O-O 12. Re1 Bc7 13. Rc1 c4 14. Nbd2 f6 15. exf6 Nxf6 16. Nf1 Ng4 17. Bd2 e5 18.
dxe5 Ngxe5 19. Ng3 Qf7 20. Be3 Bd7 21. Bc5 Rfe8 22.
Nxe5 Nxe5 23. Bh5 g6 24. Be2 h5 25. h3 h4 26. Nf1 Bf5 27. Ne3 Bd3 28. Bd4 Bxe2 29.
Rxe2 Nd3 30. Rcc2 Qf4 31. Ng4 b6 32. Be3 Qd6 33. Qd2 Re4 34. f4 Rae8 35. Qd1 Nxf4 36. Bxf4 Qxf4 37. Qxd5+ Kg7 38. Rxe4 Qxe4 39. Qxe4 Rxe4 40.
Kf2 Bg3+ 41. Kf3 Re1 42. Re2 Rf1+ 43. Ke4 Rd1 44. Ne3 Rd3 45. Nxc4 Rd8 46. Rd2 Rc8 47. Kd3 Bf4 48. Re2 b5 49. Nd2 Rd8+ 50. Kc2 g5 51. Nf3 Kf6 52. a3 a5 53. Kb3 Rd3 54. Nd4 b4 55. axb4 axb4 56. Kxb4 Be5 57. Nf3 Bd6+ 58. Kc4 Rd1 59. Nd4 Bf4 60. b4 Rc1 61. Rb2 Be5 62. b5 Bb8 63. b6 g4 64. hxg4 Kg5 65. Nc6 Bd6 66. b7 Kxg4 67.
Rd2 Bc7 68. Rd7 Bf4 69. Rd4 1-0

[Event "*** Titled Tuesday Blitz"]
[Site "Chess.com"]
[Date "2021.04.06"]
[Round "6"]
[White "MasterMK73"]
[Black "DamianoLew95"]
[Result "0-1"]
[WhiteElo "2292"]
[BlackElo "2560"]
[TimeControl "180+1"]
[EndTime "11:09:45 PDT"]
[Termination "DamianoLew95 won by resignation"]

1. e4 c5 2. Nf3 d6 3. Bb5+ Bd7 4.
Bxd7+ Qxd7 5. O-O Nc6 6. Qe2 Nf6 7. Rd1 g6 8. c3 Bg7 9. d4 cxd4 10. cxd4 O-O 11.
Nc3 Qc8 12. h3 e6 13. e5 dxe5 14. dxe5 Nd7 15. Bf4 a6 16. Rac1 Qc7 17. Ne4 Ndxe5 18. Nxe5 Bxe5 19. Nf6+ Kg7 20. Rxc6 Qxc6 21. Bxe5 Rfd8 22.
Re1 Rac8 23. Qe3 Qc2 24. Ne4+ Kf8 25. Bf6 Rd1 26. Rxd1 Qxd1+ 27. Kh2 Ke8 28. Be5 Rd8 29. Nf6+ Ke7 30. Qa3+ Rd6 31. Bxd6+ Qxd6+ 32. Qxd6+ Kxd6 33. Kg3 h5 34. Ne4+ Kd5 35. Kf3 f5 36. Nf6+ Kd4 37. Ne8 e5 38. Ke2 b5 39. Kd2 a5 40. Nc7 b4 41. Nb5+ Ke4 42. Nd6+ Kf4 43. Nf7 g5 44. Kd3 g4 45. g3+ Kf3 46. Nxe5+ Kxf2 47. hxg4 fxg4 48.
Ng6 Kxg3 49. Ke3 h4 50. Ke2 h3 51. Kf1 h2 52. Ke2 h1=Q 53. Ke3 Qf3+ 54. Kd4 Qf4+ 55. Nxf4 Kxf4 56. a3 bxa3 57. bxa3 g3 58. Kc5 g2 59. Kb5 g1=Q 60. Kxa5 Qa7+ 61. Kb4 Ke5 62. a4 Kd6 63. a5 Kc7 64. Kb5 Kb7 65. Kb4 Kc6 66. a6 Qxa6 67. Kb3 0-1

[Event "*** Titled Tuesday Blitz"]
[Site "Chess.com"]
[Date "2021.04.06"]
[Round "6"]
[White "Blitzking642"]
[Black "CakeinSpace2002"]
[Result "1/2-1/2"]
[WhiteElo "2447"]
[BlackElo "2318"]
[TimeControl "180+1"]
[EndTime "11:09:45 PDT"]
[Termination "Game drawn by stalemate"]

1. e4 c5 2. Nf3 Nc6 3. d4 cxd4 4.
Nxd4 Nf6 5. Nc3 e5 6. Nf5 d5 7.
exd5 Bxf5 8. dxc6 bxc6 9. Qf3 Qc8 10. Bc4 Be7 11. O-O O-O 12. Qe2 Bd6 13. Bg5 Nd7 14. Rad1 Qc7 15. g4 Bg6 16. Qd2 Nb6 17. Qxd6 Qxd6 18.
Rxd6 Nxc4 19. Rxc6 Nxb2 20. Rb1 Rab8 21. Bc1 Nd1 22.
Rxb8 Rxb8 23. Nxd1 h5 24. Bb2 Be4 25. Rd6 Bf3 26.
c4 Bxd1 27. Rxd1 Rxb2 28. Rc1 Rxa2 29. c5 Rb2 30. c6 Rb8 31. gxh5 Kf8 32. Kg2 Ke7 33.
Kf3 f5 34. Ke3 Kd6 35. Ra1 Rb3+ 36. Ke2 Rh3 37. Rxa7 Kxc6 38. Rxg7 Rxh5 39. Rg2 Kd5 40. Ke3 f4+ 41. Kf3 Rh3+ 42. Kg4 Rh8 43. Kf3 Kd4 44. Rg8 Rxh2 45. Rd8+ Kc5 46. Re8 Kd6 47. Rd8+ Ke6 48. Re8+ Kf6 49. Rf8+ Ke7 50. Rg8 Kf7 51. Rg5 Kf6 52. Rg8 Rh7 53. Ke4 Re7 54. Rf8+ Ke6 55. Rf5 Kd6 56. Rf6+ Kc5 57. Rf5 Kd6 58. Rf6+ Re6 59.
Rf8 Kc5 60. Rc8+ Kb4 61. Kf5 Re7 62. Kf6 Rh7 63. Kxe5 f3 64. Kf4 Rf7+ 65. Ke3 Kb5 66. Re8 Kc5 67. Rd8 Kc4 68. Rd4+ Kc5 69. Rf4 Rxf4 70.
Kxf4 Kd5 71. Kxf3 Ke6 72. Kg4 Kf6 73. f4 Kg6 74. f5+ Kf6 75. Kf4 Kf7 76. Ke5 Ke7 77.
f6+ Kf7 78. Kf5 Kf8 79. Kg5 Kf7 80. Kf5 Kf8 81. Ke6 Ke8 82. f7+ Kf8 83. Kf6 1/2-1/2

[Event "*** Titled Tuesday Blitz"]
[Site "Chess.com"]
[Date "2021.04.06"]
[Round "6"]
[White "Ze-Pequeno"]
[Black "FMchesstrainer"]
[Result "1-0"]
[WhiteElo "2262"]
[BlackElo "2398"]
[TimeControl "180+1"]
[EndTime "11:09:45 PDT"]
[Termination "Ze-Pequeno won on time"]

1. e4 g6 2. d4 Bg7 3. Nf3 d6 4. c3 Nf6 5. Bd3 O-O 6. O-O Nc6 7. d5 Nb8 8. h3 c6 9. c4 Nbd7 10. Nc3 a5 11. Re1 Nc5 12. Bc2 Nfd7 13. Bf4 Nb6 14. Qe2 Re8 15. Rad1 cxd5 16. cxd5 Nbd7 17. Nd4 Ne5 18.
Ndb5 Bd7 19. a4 Rc8 20. b3 Na6 21. Qd2 Nb4 22. Bb1 Bxb5 23. Nxb5 Nd7 24. Rc1 Qb6 25. Be3 Nc5 26. Qd1 Nba6 27. Rc4 Qd8 28. Bg5 Nd7 29.
Qe2 Rxc4 30. Qxc4 h6 31. Be3 Qc8 32. Rc1 Qxc4 33. Rxc4 Ndc5 34. Bc2 g5 35. f3 Be5 36.
Kf2 Kg7 37. g3 Kg6 38. f4 gxf4 39. gxf4 Bg7 40. e5+ Kh5 41. Bd1+ Kg6 42. Bc2+ f5 43. Kf3 dxe5 44. Bxc5 Nxc5 45. Rxc5 e4+ 46. Ke3 Rd8 47. Nd4 Kf7 48. Ne6 Rd6 49. Bd1 Bb2 50. Be2 Kf6 51.
Bc4 Rb6 52. Rc8 Bc1+ 53. Ke2 Kg6 54. Rg8+ Kh5 55. Rf8 Kh4 56. Rxf5 Kg3 57. Rh5 Bxf4 58. Nxf4 Kxf4 59. Rh4+ Ke5 60. Ke3 Rg6 61. Rh5+ Kd6 62. Kxe4 Rg1 63. Rxh6+ Kc5 64. h4 Re1+ 65. Kf5 Rf1+ 66.
Ke6 Re1+ 67. Kd7 b5 68. Bxb5 1-0